 Dungeon Crawl Stone Soup version 0.31.0-11-ge490571c62 (webtiles) character file.

Game seed: 7165350084220698018

133 sanka the Insei (level 4, 0/40 HPs)
             Began as a Draconian Monk on Feb 3, 2024.
             Incinerated by a bombardier beetle (5 damage)
             ... with a burning spray
             ... on level 3 of the Dungeon.
             The game lasted 00:02:29 (1753 turns).

sanka the Insei (Draconian Monk)                    Turns: 1753, Time: 00:02:30

Health: 0/40       AC:  6    Str: 13    XL:     4   Next: 94%
Magic:  4/4        EV: 12    Int: 11    God:
Gold:   99         SH:  0    Dex: 15    Spells: 3/3 levels left

rFire   . .          .
                       - Unarmed
rCold   . . .        b - orb {light}
rNeg    . . .        (body armour unavailable)
rPois   .            (helmet restricted)
rElec   .            (no cloak)
rCorr   .            p - +0 pair of gloves
SInv    .            (no boots)
Will    .....        (no amulet)
Stlth   +            (no ring)
HPRegen 0.26/turn    g - ring of flight
MPRegen 0.09/turn

%: no passive effects
@: on fire, flying, glowing
A: AC +5, unfitting armour, cold-blooded
a: no special abilities


You were on level 3 of the Dungeon.
You visited 1 branch of the dungeon, and saw 3 of its levels.

You collected 99 gold pieces.


Innate Abilities, Weirdness & Mutations

Your plain brown scales are hard. (AC +5)
You cannot fit into any form of body armour.
You are cold-blooded and may be slowed by cold attacks.


   Skills:
 - Level 4.0 Fighting
 - Level 2.6 Dodging
 + Level 5.3 Unarmed Combat


You had 3 spell levels left.
You didn't know any spells.
Your spell library was empty.

Inventory:

Armour
 b - an orb of light (worn)
 p - a +0 pair of gloves (worn)
Jewellery
 g - a ring of flight (right hand)
Talismans
 f - a beast talisman
Scrolls
 d - 2 scrolls of fog {unknown}
 e - 4 scrolls of identify {unknown}
 h - 2 scrolls of fear {unknown}
 i - 2 scrolls of torment {unknown}
 j - a scroll of vulnerability {unknown}
 m - a scroll of noise {unknown}
 n - a scroll of teleportation {unknown}
Potions
 a - 2 potions of ambrosia
 c - 4 potions of curing {unknown}
 k - a potion of brilliance {unknown}
 l - a potion of heal wounds {unknown}
 o - a potion of resistance {unknown}
 q - a potion of berserk rage {unknown}

Dungeon Overview and Level Annotations

Branches:
Dungeon (3/15)

Altars:

.▒▒▒▒ ... ....▒
... .... ▒.▒▒...
▒▒▒▒▒..▒..
▒........ .▒ ▒▒▒
▒.....▒.▒ .▒ ...
▒.....▒.▒▒▒▒▒.▒
▒▒▒
▒.....d.....▒.▒ ▒
▒▒▒▒▒.......▒.▒▒.▒
▒ ▒.......▒....▒ ▒
▒...†..†.▒▒▒▒▒ ▒
▒............▒
▒▒▒▒
▒.......▒▒▒▒.▒
▒... ▒.......▒
▒.▒▒▒... ▒▒▒▒▒▒▒▒▒
▒...▒... ▒▒▒.....


There were no monsters in sight!


Message History

You tail-slap the bombardier beetle, but do no damage.
The bombardier beetle is severely wounded.
The liquid fire burns you!
Unknown command.
You hit the bombardier beetle.
The bombardier beetle is almost dead.
The liquid fire burns you!
The bombardier beetle sprays incendiary fluid at you.
The burning spray hits you.
You are even more covered in liquid fire!
Unknown command.
You hit the bombardier beetle but do no damage.
The bombardier beetle is almost dead.
The liquid fire burns you!
You hit the bombardier beetle.
You kill the bombardier beetle!
The liquid fire burns you!
* * * LOW HITPOINT WARNING * * *
You shake off some of the fire as you move.
The liquid fire burns you!
* * * LOW HITPOINT WARNING * * *
You shake off some of the fire as you move.
The liquid fire burns you!
* * * LOW HITPOINT WARNING * * *
You shake off some of the fire as you move.
The liquid fire burns you!
* * * LOW HITPOINT WARNING * * *
You shake off some of the fire as you move.
The liquid fire burns you!
You die...

Action                     |  1- 3 |  4- 6 || total
---------------------------+-------+-------++-------
  Melee: Unarmed           |   104 |    54 ||   158
         Tailslap          |    14 |     8 ||    22
 Armour: Skin              |    50 |    27 ||    77
  Dodge: Dodged            |    61 |    21 ||    82
   Form: Beast             |     1 |       ||     1
                           |       |     1 ||     1

Levels and vault maps discovered:
D:1:      scummos_arrival_forest, layout_basic, ebering_ecumenical_altar_webs,
          kennysheep_boxes
D:2:      layout_rooms
D:3:      layout_basic

Notes
Turn   | Place    | Note
-------+----------+-------------------------------------------
     0 | D:1      | sanka the Draconian Monk began the quest for the Orb.
     0 | D:1      | Reached XP level 1. HP: 19/19 MP: 1/1
   198 | D:1      | Reached XP level 2. HP: 26/26 MP: 2/2
   624 | D:1      | Found a faded altar of an unknown god.
   634 | D:1      | Reached skill level 4 in Fighting
   874 | D:2      | Reached XP level 3. HP: 33/33 MP: 3/3
  1085 | D:2      | Reached skill level 4 in Unarmed Combat
  1410 | D:3      | Reached XP level 4. HP: 36/40 MP: 4/4
  1699 | D:3      | Identified the ring of Ydghoduic {Wiz Int+3}
  1732 | D:3      | Reached skill level 5 in Unarmed Combat
  1753 | D:3      | Incinerated by a bombardier beetle

Vanquished Creatures
  A bombardier beetle (D:3)
  An orc wizard (D:3)
  2 adders
  2 dart slugs
  2 orcs (D:3)
  4 ball pythons
  5 endoplasms
  4 giant cockroaches
  3 goblins
  5 hobgoblins
  7 jackals
  5 kobolds
  2 quokkas (D:1)
  2 bats
  2 frilled lizards
  5 rats
52 creatures vanquished.
